Map: Automaton LE

Players

Lambo - Winner!

  • Race: Zerg Zerg
  • League: Grandmaster
  • Spawn Location: 3:00

NotoriousLIP

  • Race: Protoss Protoss
  • League: Master
  • Spawn Location: 9:00

VOD

Have the link to the VOD?

Description

Time

  • Played on: Dec. 15, 2018, 7:52 a.m.
  • Length: 8:04
Show
View Real Time Build Order
Export as new Build Order

Lambo Zerg - Winner!

Build Orders: Hatch First 

Get SALT Encoding   

  12  0:01  Drone  
  13  0:13  Overlord  
  13  0:17  Drone  
  14  0:31  Drone x2  
  16  0:49  Hatchery  
  15  0:53  Drone  
  15  0:56  Drone  
  17  1:00  Drone  
  18  1:10  Extractor  
  17  1:15  Spawning Pool  
  16  1:18  Drone  
  16  1:22  Drone  
  18  1:29  Drone  
  19  1:40  Drone  
  20  1:57  Overlord  
  20  2:02  Queen x2  
  20  2:03  Zergling x4  
  26  2:11  Metabolic Boost  
  26  2:13  Drone  
  27  2:16  Drone  
  28  2:23  Drone x2  
  30  2:38  Hatchery  
  30  2:41  Drone  
  30  2:44  Drone  
  30  2:47  Drone  
  30  2:50  Overlord  
  32  2:58  Queen  
  34  3:03  Drone x2  
  36  3:11  Drone x2  
  38  3:13  Drone x2  
  38  3:17  Drone x2  
  42  3:20  Overlord  
  42  3:25  Overlord  
  42  3:26  Drone  
  43  3:29  Drone  
  44  3:38  Queen  
  44  3:40  Drone x2  
  44  3:41  Drone  
  49  3:45  Spore Crawler, Drone  
  49  3:48  Drone x2  
  51  3:50  Drone x2  
  51  3:53  Drone  
  54  3:58  Queen  
  57  4:02  Overlord, Spore Crawler  
  57  4:04  Drone x2  
  57  4:09  Lair  
  58  4:12  Overlord  
  58  4:17  Extractor  
  58  4:18  Extractor  
  58  4:20  Drone x2  
  58  4:23  Roach Warren  
  57  4:24  Drone x2  
  57  4:26  Drone x2  
  57  4:28  Overlord  
  57  4:30  Drone  
  62  4:31  Drone  
  62  4:33  Drone  
  62  4:35  Extractor  
  62  4:38  Drone x3  
  66  4:40  Drone x2  
  66  4:45  Overlord  
  68  4:48  Drone x3  
  68  4:50  Extractor  
  70  4:55  Overlord x2  
  69  5:03  Roach x5  
  79  5:07  Roach  
  79  5:10  Glial Reconstitution  
  79  5:11  Roach x2  
  85  5:14  Overlord  
  85  5:18  Overlord  
  85  5:20  Overlord  
  85  5:21  Roach  
  87  5:27  Roach x3  
  87  5:28  Roach  
  95  5:30  Roach  
  95  5:32  Overlord  
  95  5:34  Roach  
  99  5:39  Roach x2  
  103  5:45  Roach x4  
  111  5:51  Roach x2  
  111  5:52  Roach  
  111  5:56  Roach x3  
  123  5:58  Ravager  
  123  5:59  Overlord  
  123  6:04  Roach x2  
  128  6:07  Overlord  
  128  6:11  Overlord  
  128  6:12  Overlord  
  128  6:21  Roach x4  
  136  6:28  Roach x4  
  144  6:33  Ravager x2  
  144  6:34  Ravager x2  
  144  6:36  Roach x4  
  156  6:41  Overlord  
  156  6:42  Overlord  
  156  6:46  Overlord  
  156  6:47  Zergling x6  
  156  6:49  Ravager  
  156  6:52  Zergling x2  
  161  6:58  Overlord x2  
  167  7:01  Roach x3  
  167  7:04  Roach  
  167  7:05  Roach x2  
  172  7:09  Roach x2, Zergling x2  
  172  7:15  Roach x3  
  177  7:22  Roach x3  
  165  7:26  Roach x3  
  156  7:35  Roach  
  156  7:36  Roach x5  
  165  7:41  Roach x2  
Show
View Real Time Build Order
Export as new Build Order

NotoriousLIP Protoss 

Build Orders: 1 Gate Expand, Oracle Opening, Phoenix Opening, Archon Immortal, Archon Drop 

Get SALT Encoding   

  12  0:08  Probe  
  13  0:18  Pylon  
  13  0:20  Probe  
  14  0:30  Probe  
  15  0:38  Probe, Gateway  
  16  0:47  Probe  
  16  0:51  Assimilator  
  17  0:59  Probe  
  18  1:11  Probe  
  19  1:23  Probe  
  20  1:30  Nexus  
  20  1:39  Cybernetics Core  
  20  1:42  Probe  
  21  1:50  Assimilator  
  21  1:57  Probe  
  21  1:58  Pylon  
  22  2:08  Adept  
  22  2:09  Probe  
  23  2:21  Probe  
  26  2:24  Stargate  
  26  2:31  Probe  
  26  2:34  Adept  
  29  2:38  Warp Gate  
  29  2:39  Probe x2  
  31  2:48  Probe x2  
  31  2:53  Assimilator  
  31  2:58  Probe  
  33  3:00  Probe  
  33  3:03  Assimilator  
  35  3:06  Phoenix  
  35  3:10  Probe  
  35  3:12  Probe  
  39  3:22  Probe  
  39  3:24  Probe, Pylon  
  41  3:29  Robotics Facility  
  41  3:34  Probe  
  41  3:36  Probe  
  43  3:46  Probe  
  45  3:48  Probe  
  45  3:50  Oracle  
  48  3:58  Probe  
  48  4:00  Probe  
  50  4:04  Twilight Council  
  50  4:07  Gateway  
  50  4:09  Gateway  
  50  4:12  Warp Prism  
  50  4:14  Gateway, Probe  
  53  4:24  Probe  
  53  4:28  Pylon  
  54  4:33  Pylon  
  54  4:44  Templar Archives  
  54  4:46  Probe x2  
  54  4:49  Zealot  
  54  4:52  Pylon  
  58  4:58  Probe  
  59  5:06  Probe  
  60  5:10  Probe  
  60  5:12  Nexus  
  61  5:15  Pylon  
  61  5:20  High Templar x4  
  70  5:22  Probe  
  70  5:24  Archon x2, Forge  
  70  5:26  Probe  
  71  5:34  Probe  
  72  5:40  Probe  
  72  5:44  Robotics Facility  
  72  5:45  Immortal  
  72  5:46  Probe  
  73  5:52  Probe  
  74  5:58  Charge, Probe, Protoss Ground Weapons Level 1  
  74  6:02  Pylon  
  74  6:03  Sentry  
  74  6:04  Probe, Zealot  
  83  6:07  Pylon  
  83  6:10  Probe  
  85  6:14  Immortal  
  85  6:21  Immortal  
  85  6:22  Shield Battery  
  89  6:31  Shield Battery  
  93  6:34  Sentry  
  93  6:35  Probe  
  93  6:36  Probe  
  97  6:44  Pylon  
  97  6:45  Immortal  
  98  6:47  Probe  
  98  6:48  Probe  
  98  6:51  Immortal  
  98  6:54  Pylon  
  103  6:55  Sentry  
  109  7:08  Shield Battery  
  109  7:11  Shield Battery  
  109  7:20  Zealot x2  
  101  7:28  Zealot x2  
  87  7:34  Probe  
  87  7:36  Probe  
  81  7:42  Zealot x2  
  85  7:50  Zealot x2  
  87  7:52  Probe  
  87  7:53  Pylon  
Tags
 
Add a new tag
Caveats
  • Supply blocks, unpowered buildings, or Contaminate may cause inaccurate times.
  • Supply counts are checked every 10 seconds.